 Dungeon Crawl Stone Soup version 0.32-a0-576-g706899e69d (webtiles) character file.

Game seed: 2755449952437255277

372 whatisthis the Apothecary (level 6, 0/28 HPs)
             Began as a Spriggan Alchemist on Mar 1, 2024.
             Slain by an ufetubus (4 damage)
             ... on level 5 of the Dungeon.
             The game lasted 00:12:43 (4548 turns).

whatisthis the Apothecary (Spriggan Alchemist)      Turns: 4548, Time: 00:12:43

Health: 0/28       AC:  2    Str:  4    XL:     6   Next: 43%
Magic:  4/12       EV: 19    Int: 16    God:
Gold:   198        SH:  0    Dex: 18    Spells: 11/12 levels left

rFire   . . .        l - +0 sling
rCold   . . .        (no shield)
rNeg    . . .        a - +0 robe
rPois   .            (helmet restricted)
rElec   .            (no cloak)
rCorr   .            (gloves unavailable)
SInv    +            (boots unavailable)
Will    +....        o - amulet of the acrobat
Stlth   +++          (no ring)
HPRegen 0.24/turn    (no ring)
MPRegen 0.13/turn

%: acrobat
@: very quick
A: very small, no large weapons, unfitting armour, see invisible, speed 3
a: no special abilities


You were on level 5 of the Dungeon.
You visited 2 branches of the dungeon, and saw 6 of its levels.

You collected 198 gold pieces.

Inventory:

Hand Weapons
 k - a +0 dagger
 l - a +0 sling (weapon)
Armour
 a - a +0 robe (worn)
Jewellery
 o - an amulet of the acrobat (around neck)
Wands
 n - a wand of flame (7)
Scrolls
 c - 4 scrolls of identify
 d - a scroll of amnesia
 f - a scroll of poison
 h - a scroll of blinking
 r - a scroll of revelation {unknown}
Potions
 b - a potion of magic
 e - a potion of heal wounds
 g - 4 potions of curing
 i - a potion of lignification {unknown}
 j - 3 potions of berserk rage
 m - a potion of ambrosia {unknown}
 p - a potion of degeneration {unknown}
 q - a potion of brilliance {unknown}


   Skills:
 - Level 0.8 Ranged Weapons
 - Level 4.2 Dodging
 - Level 4.7 Stealth
 - Level 3.7 Spellcasting
 - Level 1.5 Conjurations
 + Level 6.0 Alchemy


You had 11 spell levels left.
You knew the following spells:

 Your Spells              Type           Power      Damage    Failure   Level
a - Sting                 Conj/Alch      60%        1d6       3%          1

Your spell library contained the following spells:

 Spells                   Type           Power      Damage    Failure   Level
 Mercury Vapours          Alch/Air       24%        N/A       8%          2
 Olgreb's Toxic Radiance  Alch           22%        N/A       14%         4
 Summon Small Mammal      Summ           12%        N/A       17%         1
 Mephitic Cloud           Conj/Alch/Air  11%        N/A       19%         3
 Dazzling Flash           Conj/Hex       10%        N/A       36%         3
 Call Canine Familiar     Summ           3%         N/A       45%         3
 Fugue of the Fallen      Necr           3%         N/A       45%         3
 Ozocubu's Armour         Ice            3%         N/A       45%         3
 Sticky Flame             Fire/Alch      12%        2d5       45%         4
 Manifold Assault         Tloc           3%         N/A       86%         4
 Summon Blazeheart Golem  Fire/Summ      3%         N/A       86%         4
 Freezing Cloud           Conj/Ice/Air   2%         6-21      98%         5
 Curse of Agony           Necr           3%         N/A       99%         5
 Silence                  Hex/Air        1%         N/A       99%         5


Dungeon Overview and Level Annotations

Branches:
Dungeon (5/15)             Temple (1/1) D:4

Altars:
Ashenzari
Cheibriados
Elyvilon
Fedhas
Hepliaklqana
Kikubaaqudgha
Okawaru
Qazlal
Sif Muna
Trog
Uskayaw
Vehumet
Wu Jian
Yredelemnul
Zin

Annotations:
D:3 3 exclusions, Ijyb
D:4 Edmund


Innate Abilities, Weirdness & Mutations

You are very small and have problems with some larger weapons.
You are too small for most types of armour.
You have supernaturally acute eyesight. (SInv)
You cover ground extremely quickly. (Speed+++)


Message History

Casting: Sting (safe; 3% risk of failure)
Confirm with . or Enter, or press ? or * to list all spells.
Aiming: Sting (safe; 3% risk of failure)
Press: ? - help, Shift-Dir - straight line, f/p - ufetubus
Aim: an ufetubus (severely wounded, poisoned, 57% to hit)
The sting misses the ufetubus.
The ufetubus misses you. The ufetubus completely misses you.
The ufetubus closely misses you. x2
Unknown command.
Casting: Sting (safe; 3% risk of failure)
Confirm with . or Enter, or press ? or * to list all spells.
Aiming: Sting (safe; 3% risk of failure)
Press: ? - help, Shift-Dir - straight line, f/p - ufetubus
Aim: an ufetubus (almost dead, poisoned, 57% to hit)
The sting hits the ufetubus but does no damage.
The ufetubus looks even sicker.
The ufetubus is almost dead.
The ufetubus completely misses you. The ufetubus hits you.
The ufetubus closely misses you. The ufetubus hits you.
The ufetubus completely misses you. The ufetubus misses you.
The ufetubus closely misses you. x2
You shoot a sling bullet.
The sling bullet closely misses the ufetubus.
The ufetubus misses you. The ufetubus closely misses you.
The ufetubus barely misses you. The ufetubus completely misses you.
The ufetubus barely misses you.
The ufetubus hits you but does no damage.
The ufetubus misses you. x2
You shoot a sling bullet.
The sling bullet barely misses the ufetubus.
You kill the ufetubus!
The ufetubus hits you but does no damage.
The ufetubus hits you.
* * * LOW HITPOINT WARNING * * *
The ufetubus slips past you! The ufetubus misses you. The ufetubus hits you.
* * * LOW HITPOINT WARNING * * *
Your Alchemy skill increases to level 6!
You shoot a sling bullet.
The sling bullet barely misses the ufetubus.
The ufetubus hits you.
You die...

#.# #.#..... #.# #.#.####
#†# #.#.# #.# #.#.# ## #.#
#.#.# #. #.# #.#.# #. #.#
#.#.# #. #.# #.#.###. #@#
#.#.....
#5#########.######
#.#.............#
#.#.########.##.#
########.#.#.######.##.#
#..........#........##.##
#.######.###.#########...
##.####.......# ####
#.......#.################


You could see an ufetubus.

Vanquished Creatures
  A phantom (D:5)
  A jelly (D:5)
  An orc priest (D:5)
  2 sleepcaps
  Terence (D:3)
  An orc wizard (D:5)
  3 gnolls
  2 adders
  An ufetubus (D:5)
  4 ribbon worms
  4 dart slugs
  3 orcs
  11 bats
  5 endoplasms (D:1)
  A giant cockroach (D:1)
  6 goblins
  2 hobgoblins (D:2)
  2 jackals (D:2)
  5 quokkas
  8 ball pythons
  2 frilled lizards
  4 kobolds
  5 rats
75 creatures vanquished.

Notes
Turn   | Place    | Note
-------+----------+-------------------------------------------
     0 | D:1      | whatisthis the Spriggan Alchemist began the quest for the
                  | Orb.
     0 | D:1      | Reached XP level 1. HP: 9/9 MP: 5/5
   456 | D:1      | Reached XP level 2. HP: 9/13 MP: 2/6
   555 | D:1      | Reached skill level 1 in Conjurations
   901 | D:2      | Reached XP level 3. HP: 15/16 MP: 3/8
  1762 | D:3      | Reached XP level 4. HP: 21/21 MP: 7/10
  1931 | D:3      | Noticed Ijyb
  1940 | D:3      | Found a basalt altar of Yredelemnul.
  2107 | D:3      | Noticed Terence
  2117 | D:3      | Killed Terence
  2685 | D:3      | Found a broken altar of Ashenzari.
  2752 | D:4      | Found a staircase to the Ecumenical Temple.
  2766 | Temple   | Entered the Ecumenical Temple
  2937 | D:4      | Reached skill level 4 in Alchemy
  2984 | D:4      | Noticed Edmund
  2987 | D:4      | Reached XP level 5. HP: 24/24 MP: 9/11
  3294 | D:4      | Found an iron altar of Okawaru.
  3606 | D:5      | Entered Level 5 of the Dungeon
  3777 | D:5      | Noticed a phantom
  3823 | D:5      | Killed a phantom
  3824 | D:5      | Reached skill level 5 in Alchemy
  3966 | D:5      | Reached XP level 6. HP: 28/28 MP: 9/12
  4548 | D:5      | Reached skill level 6 in Alchemy
  4548 | D:5      | Slain by an ufetubus

Illustrated notes

Levels and vault maps discovered:
D:1:      lightli_arrival_windingriver, layout_basic
D:2:      kennysheep_big_flooded_room, layout_rooms
D:3:      layout_loops_corners, grunt_temple_overflow_open, st_stairs_9,
          nicolae_twisty_statue_hallways, uniq_terence, uniq_ijyb
D:4:      layout_gridville, lemuel_tele_altar, minitemple,
          minmay_temple_entry_arrows, nicolae_underground_beach, uniq_grinder,
          uniq_edmund
D:5:      layout_basic, nicolae_gozag_cash_rules_everything_around_me,
          lemuel_flamethrower_1
Temple:   chequers_temple_sunken

Skill      XL: |  1  2  3  4  5  6 |
---------------+-------------------+-----
Dodging        | 3 4 |  4.2
Conjurations   | 1 |  1.5
Spellcasting   | 3 |  3.7
Stealth        | 4 |  4.7
Alchemy        | 4 5 6 |  6.0
Ranged Weapons | |  0.8

Action                     |  1- 3 |  4- 6 || total
---------------------------+-------+-------++-------
  Melee: Unarmed           |     1 |       ||     1
         Dagger            |       |     1 ||     1
   Fire: Sling             |    83 |    86 ||   169
   Cast: Sting             |    55 |    73 ||   128
  Evoke: Wand              |       |     7 ||     7
    Use: Scroll            |       |     5 ||     5
         Potion            |       |     1 ||     1
   Stab: Sleeping          |       |     1 ||     1
 Armour: Robe              |    31 |    30 ||    61
         Skin              |       |     3 ||     3
  Dodge: Dodged            |    66 |   130 ||   196

Table legend: (Time is in decaauts)
 A = Elapsed time spent in this place.
 B = Non-inter-level travel time spent in this place.
 C = Inter-level travel time spent in this place.
 D = Time resting spent in this place.
 E = Time spent auto-exploring this place.
 F = Levels seen in this place.
 G = Mean time per level.
                   A        B        C        D        E       F      G
               +--------+--------+--------+--------+--------+-----+--------+
         Total |   3400 |   3278 |    122 |    657 |   1549 |   6 |  566.7 |
       Dungeon |   3366 |   3257 |    109 |    657 |   1549 |   5 |  673.2 |
        Temple |     33 |     21 |     12 |      0 |      0 |   1 |   33.0 |
               +--------+--------+--------+--------+--------+-----+--------+

Top non-repeatable levels by time:
     D:3: 824 daAuts
     D:1: 713 daAuts
     D:5: 685 daAuts
     D:4: 581 daAuts
     D:2: 561 daAuts
  Temple: 33 daAuts
